 Dungeon Crawl Stone Soup version 0.30.1-4-g462c640d31 (webtiles) character file.

Game seed: 17708079075837588779

70 jacobus the Digger (level 4, 0/32 HPs)
             Began as a Gnoll Earth Elementalist on Aug 18, 2023.
             Killed by divine providence
             ... invoked by an orc priest
              (16 damage)
             ... on level 3 of the Dungeon.
             The game lasted 00:15:16 (2784 turns).

jacobus the Digger (Gnoll Earth Elementalist)       Turns: 2784, Time: 00:15:17

Health: 0/32       AC:  2    Str:  9    XL:     4   Next: 22%
Magic:  10/11      EV: 13    Int: 28    God:
Gold:   142        SH:  0    Dex:  9    Spells: 12/13 levels left

rFire   . . .        b - +0 sling
rCold   . . .        (no shield)
rNeg    . . .        g - +0 robe
rPois   .            (no helmet)
rElec   .            (no cloak)
rCorr   .            (no gloves)
SInv    .            (no boots)
Will    +++..        (no amulet)
Stlth   ++           h - +6 ring of intelligence
HPRegen 0.25/turn    p - ring "Pehyown" {+Blink Will+++ Str+2 Int+6 Dex-4}
MPRegen 0.12/turn

%: no passive effects
@: no status effects
A: fangs 1, strong nose, distributed training
a: Evoke Blink


You were on level 3 of the Dungeon.
You visited 1 branch of the dungeon, and saw 3 of its levels.

You collected 142 gold pieces.

Inventory:

Hand Weapons
 a - a +0 short sword of electrocution
 b - a +0 sling (weapon)
Missiles
 k - 4 javelins
Armour
 g - a +0 robe (worn)
Jewellery
 h - a +6 ring of intelligence (left hand)
 p - the ring "Pehyown" (right hand) {+Blink Will+++ Str+2 Int+6 Dex-4}
   (You found it on level 2 of the Dungeon)

   [ring of intelligence]

   Str:       It affects your strength (+2).
   Int:       It affects your intelligence (+6).
   Dex:       It affects your dexterity (-4).
   +Blink:    It lets you blink.
   Will:      It greatly increases your willpower.
Scrolls
 e - a scroll of identify {unknown}
 f - a scroll of enchant armour {unknown}
 i - a scroll of teleportation {unknown}
 j - 2 scrolls of fear {unknown}
 m - a scroll of fog {unknown}
 n - a scroll of blinking {unknown}
 q - a scroll of noise {unknown}
Potions
 c - 2 potions of might {unknown}
 d - 2 potions of curing {unknown}
 l - a potion of magic
 o - a potion of haste {unknown}
 r - a potion of heal wounds {unknown}


   Skills:
 + Level 1.1 Fighting
 + Level 1.1 Short Blades
 + Level 1.1 Long Blades
 + Level 1.1 Axes
 + Level 1.1 Maces & Flails
 + Level 1.1 Polearms
 + Level 1.1 Staves
 + Level 1.1 Ranged Weapons
 + Level 1.1 Throwing
 + Level 1.1 Armour
 + Level 4.6 Dodging
 + Level 4.2 Stealth
 + Level 1.1 Shields
 + Level 1.1 Unarmed Combat
 + Level 5.1 Spellcasting
 + Level 0.9 Conjurations
 + Level 0.9 Hexes
 + Level 0.9 Summonings
 + Level 0.9 Necromancy
 + Level 0.9 Translocations
 + Level 2.2 Transmutations
 + Level 0.9 Fire Magic
 + Level 0.9 Ice Magic
 + Level 0.9 Air Magic
 + Level 5.4 Earth Magic
 + Level 0.9 Poison Magic
 + Level 1.2 Invocations
 + Level 1.1 Evocations


You had 12 spell levels left.
You knew the following spells:

 Your Spells              Type           Power      Damage    Failure   Level
a - Sandblast             Erth           74%        2d16      1%          1

Your spell library contained the following spells:

 Spells                   Type           Power      Damage    Failure   Level
 Passwall                 Tmut/Erth      23%        N/A       1%          2
 Stone Arrow              Conj/Erth      50%        3d10      5%          3
 Petrify                  Tmut/Erth      28%        N/A       14%         4


Dungeon Overview and Level Annotations

Branches:
Dungeon (3/15)

Altars:

Annotations:
D:2 1 runed translucent door, Crazy Yiuf


Innate Abilities, Weirdness & Mutations

You have very sharp teeth.
Your uncanny sense of smell can sniff out nearby items.
Your experience applies equally to all skills.


Message History

The blast of sand hits the orc.
The orc is almost dead.
The orc hits you with a +0 whip. The orc misses you.
Casting: Sandblast (safe; 1% risk of failure)
Confirm with . or Enter, or press ? or * to list all spells.
Aiming: Sandblast (safe; 1% risk of failure)
Press: ? - help, Shift-Dir - straight line, f/p - orc
Aim: an orc, wielding a +0 whip and wearing a +0 leather armour (almost dead, 84% to hit)
The blast of sand hits the orc!
You kill the orc!
You now have 142 gold pieces (gained 14).
Items here: )) [ ††.
There is a stone staircase leading down here.
HP restored.
Magic restored.
There is a stone staircase leading down here.
You see here a +0 club.
Things that are here:
a stone; a +0 dagger You see here a +0 club.
There is a stone staircase leading down here.
You climb downwards.
The orc wizard shouts!
You hear a shout!
The orc wizard points at you and mumbles some strange words.
The puff of flame hits you.
You hear a shout!
There is a stone staircase leading up here.
Casting: Sandblast (safe; 1% risk of failure)
Confirm with . or Enter, or press ? or * to list all spells.
Aiming: Sandblast (safe; 1% risk of failure)
Press: ? - help, Shift-Dir - straight line, f - orc priest
Aim: an orc priest, wielding a +1 flail of venom (84% to hit)
The blast of sand hits the orc priest!
The orc priest is almost dead.
The orc priest invokes the aid of Beogh against you.
Beogh smites you!
The orc priest calls down the wrath of Beogh upon you.
Beogh smites you!
Ouch! That really hurt!
You die...

#.#........###.######## ##
#.#.....<.............. .#
#...........##......### ..##
###.#....##.##.#....### ..##
#......##.##.......# ..o##
#....o.##.##.#....## ###..o#
##...####.##.#....# .##..).#
#...# #.........### . #..###
#..@# ####......... .#
#o##...####...#######...#.##..
o#
.##...o.o..........#...#.##.. .
#..##...........>.....#......
#.##.##..............#.###.##..
..#o#..#..####...######.##
##.... #...##...# #...#
##.###...[. ###...### #...#
##.#.##.## # #.....# #)..#
##.###.##


You could see an orc priest and an orc wizard.

Vanquished Creatures
  An adder (D:2)
  2 worms
  A dart slug (D:1)
  4 orcs
  5 ball pythons
  2 endoplasms (D:1)
  4 giant cockroaches
  2 goblins (D:1)
  7 hobgoblins
  2 jackals (D:1)
  4 bats (D:1)
  2 frilled lizards
  6 kobolds
  4 rats
46 creatures vanquished.

Notes
Turn   | Place    | Note
-------+----------+-------------------------------------------
     0 | D:1      | jacobus the Gnoll Earth Elementalist began the quest for
                  | the Orb.
     0 | D:1      | Reached XP level 1. HP: 13/13 MP: 6/6
   254 | D:1      | Reached XP level 2. HP: 19/19 MP: 4/7
   560 | D:1      | Found a faded altar of an unknown god.
  1082 | D:1      | Reached skill level 5 in Spellcasting
  1082 | D:1      | Reached XP level 3. HP: 25/25 MP: 6/9
  1469 | D:2      | Reached skill level 1 in Invocations
  1562 | D:2      | Found a runed translucent door.
  1563 | D:2      | Noticed Crazy Yiuf
  1775 | D:2      | Reached skill level 1 in Fighting
  1775 | D:2      | Reached skill level 1 in Short Blades
  1775 | D:2      | Reached skill level 1 in Long Blades
  1775 | D:2      | Reached skill level 1 in Axes
  1775 | D:2      | Reached skill level 1 in Maces & Flails
  1775 | D:2      | Reached skill level 1 in Polearms
  1775 | D:2      | Reached skill level 1 in Staves
  1775 | D:2      | Reached skill level 1 in Ranged Weapons
  1775 | D:2      | Reached skill level 1 in Throwing
  1775 | D:2      | Reached skill level 1 in Armour
  1775 | D:2      | Reached skill level 1 in Shields
  1775 | D:2      | Reached skill level 1 in Unarmed Combat
  1775 | D:2      | Reached skill level 1 in Evocations
  1894 | D:2      | Identified the ring "Pehyown" {+Blink Will+++ Str+2 Int+6
                  | Dex-4}
  2442 | D:3      | Reached XP level 4. HP: 32/32 MP: 9/11
  2784 | D:3      | Killed from afar by an orc priest

Illustrated notes

Levels and vault maps discovered:
D:1:      dpeg_arrival_concentric_ovals, layout_basic,
          shapermc_ecumenical_altar_starsandcircs, minmay_misc_feat_rugged
D:2:      layout_loops_ring, minmay_curled_crystal, uniq_crazy_yiuf_cottage
D:3:      layout_loops_cross, minitemple, minmay_pentomino_pile

Skill      XL: |  1  2  3 |
---------------+----------+-----
Transmutations | 2 |  2.2
Spellcasting   | 5 |  5.1
Invocations    | 1 |  1.2
Fighting       | 1 |  1.1
Short Blades   | 1 |  1.1
Long Blades    | 1 |  1.1
Axes           | 1 |  1.1
Maces & Flails | 1 |  1.1
Polearms       | 1 |  1.1
Staves         | 1 |  1.1
Ranged Weapons | 1 |  1.1
Throwing       | 1 |  1.1
Armour         | 1 |  1.1
Shields        | 1 |  1.1
Unarmed Combat | 1 |  1.1
Evocations     | 1 |  1.1
Dodging        | |  4.6
Stealth        | |  4.2
Conjurations   | |  0.9
Hexes          | |  0.9
Summonings     | |  0.9
Necromancy     | |  0.9
Translocations | |  0.9
Fire Magic     | |  0.9
Ice Magic      | |  0.9
Air Magic      | |  0.9
Earth Magic    | |  5.4
Poison Magic   | |  0.9

Action                     |  1- 3 |  4- 6 || total
---------------------------+-------+-------++-------
   Fire: Sling             |    25 |     4 ||    29
   Cast: Sandblast         |    48 |    11 ||    59
 Armour: Robe              |     3 |       ||     3
  Dodge: Dodged            |    15 |    17 ||    32
